 Dungeon Crawl Stone Soup version 0.25-a0-41-g6cf4ce537d (webtiles) character file.

Game seed: 13672492703088840561, levelgen mode: deterministic

9 Alarkh the Skirmisher (level 2, 24/24 HPs)
             Began as a Demonspawn Fighter on Oct 21, 2019.
             Got out of the dungeon alive.
             The game lasted 00:00:19 (327 turns).

Alarkh the Skirmisher (Demonspawn Fighter)           Turns: 327, Time: 00:00:20

Health: 24/24      AC:  6    Str: 16    XL:     2   Next: 3%
Magic:  11/11      EV:  6    Int:  9    God:
Gold:   20         SH: 17    Dex: 12    Spells: 1/1 levels left

rFire    . . .     SeeInvis .   a - +0 long sword
rCold    . . .     Gourm    .   c - +0 shield
rNeg     . . .     Faith    .   b - +0 scale mail
rPois    .         Spirit   .   (no helmet)
rElec    .         Reflect  +   (no cloak)
rCorr    .         Harm     .   (no gloves)
MR       .....                  (no boots)
Stlth    ..........             j - +5 amulet of reflection
HPRegen  0.08/turn              (no ring)
MPRegen  0.12/turn              n - ring of magical power

@: no status effects
A: large bone plates 1
a: no special abilities


You escaped.
You were not hungry.

You visited 1 branch of the dungeon, and saw 1 of its levels.

You collected 20 gold pieces.

Inventory:

Hand Weapons
 a - a +0 long sword (weapon)
Armour
 b - a +0 scale mail (worn)
 c - a +0 shield (worn)
Jewellery
 g - an uncursed ring of fire
 j - a +5 amulet of reflection (around neck)
 n - a ring of magical power (right hand)
Scrolls
 e - a scroll of fog {unknown}
 h - a scroll of magic mapping {unknown}
 m - 2 scrolls of identify {unknown}
Potions
 d - a potion of might
 k - a potion of invisibility {unknown}
 l - a potion of haste {unknown}
Comestibles
 f - 2 rations
 i - 3 chunks of flesh


   Skills:
 - Level 3.0 Fighting
 + Level 2.5 Long Blades
 - Level 2.6 Armour
 - Level 2.6 Shields


You had one spell level left.
You didn't know any spells.
Your spell library was empty.

Dungeon Overview and Level Annotations

Branches:
Dungeon (1/15)

Altars:


Innate Abilities, Weirdness & Mutations

You are partially covered in large bone plates. (SH +4)


Message History

There is an open door here.
Found 13 stones.
You open the door.
There is an open door here.
A bat comes into view.
The bat barely misses you.
You slash the bat!
You kill the bat!
You have reached level 2!
Your demonic ancestry asserts itself...
Large bone plates grow over parts of your arms.
There is an open door here.
You see here 13 stones.
There is an open door here.
There is an open door here.
Some of the chunks of flesh in your inventory have rotted away.
There is an open door here.
There is a staircase leading out of the dungeon here.
Are you sure you want to leave the Dungeon?
This will make you lose the game!
You have escaped!

###.....#################........
#....## ###.......### ##.....##
#...## #...........## ##....#
#...# .(..##'##....## #....#
#...# . ####.####...# #....#
#..## #.......##..####...# #..#
#..#####..#...# #..รท# #..# #.
#...##.##..# #...# #..# #
#.@.##.##..# #...#. #..#
#...##.##..# #...#. #..# .
#..##'##..#...# #...#. #..# ..
#.......##..####...#. #...
...#########...# #......
#....#####....## #......
#...........## ##......
##.......### ##....... #
####.########......#.


There were no monsters in sight!

Vanquished Creatures
  A leopard gecko (D:1)
  2 bats (D:1)
  2 giant cockroaches (D:1)
  A hobgoblin (D:1)
6 creatures vanquished.

Notes
Turn   | Place    | Note
-------+----------+-------------------------------------------
     0 | D:1      | Alarkh the Demonspawn Fighter began the quest for the Orb.
     0 | D:1      | Reached XP level 1. HP: 18/18 MP: 1/1
   237 | D:1      | Gained mutation: You are partially covered in large bone
                  | plates. (SH +4) [demonic ancestry]
   237 | D:1      | Reached XP level 2. HP: 24/24 MP: 2/2
   327 | D:$      | Got out of the dungeon alive.

Levels and vault maps discovered:
D:1:      dpeg_arrival_concentric_ovals, layout_basic

Skill      XL: |  1 |
---------------+----+-----
Long Blades    | 2 |  2.5
Fighting       | |  3.0
Armour         | |  2.6
Shields        | |  2.6

Action                   || total
-------------------------++-------
Melee: Long sword        ||    13
Armor: Scale mail        ||     6
Dodge: Dodged            ||     6
Block: Shield            ||     8
       Rpst.: Long sword ||     3

Table legend:
 A = Non-vault XP
 B = Vault XP
 C = Vault XP percentage of total XP
 D = Non-vault monster count
 E = Vault monster count
 F = Vault count percentage of total count
                 A         B        C        D         E       F
            +---------+---------+-------+---------+---------+-------
      Total |      13 |       0 |   0.0 |       6 |       0 |   0.0
            +---------+---------+-------+---------+---------+-------
        D:1 |      13 |       0 |   0.0 |       6 |       0 |   0.0
            +---------+---------+-------+---------+---------+-------
